 Dungeon Crawl Stone Soup version 0.30-a0-718-geaa24f58ff (webtiles) character file.

Game seed: 5738802025290313750

14909 NinjaNoafa the Nimble (level 12, -4/68 HPs)
             Began as a Gargoyle Earth Elementalist on Jan 24, 2023.
             Was a Priest of Vehumet.
             Slain by a torpor snail (16 damage)
             ... on level 1 of the Lair of Beasts on Jan 25, 2023.
             The game lasted 00:50:30 (14079 turns).

NinjaNoafa the Nimble (GrEE)                       Turns: 14079, Time: 00:50:30

Health: -4/68      AC: 24    Str: 13    XL:     12   Next: 21%
Magic:  20/22      EV: 17    Int: 25    God:    Vehumet [***...]
Gold:   144        SH:  8    Dex: 10    Spells: 13/25 levels left

rFire   + + .      SeeInvis .    a - staff of earth
rCold   + . .      Faith    .    A - +3 buckler {rF+}
rNeg    + . .      Spirit   .    W - +3 ring mail of the Harp {Int+5}
rPois   ∞          Reflect  .    f - +2 helmet
rElec   +          Harm     .    E - scarf {rC+ rF+}
rCorr   .          Rampage  .    (no gloves)
Will    .....                    U - +1 pair of boots
Stlth   +                        l - amulet of magic regeneration
HPRegen 0.31/turn                d - ring of wizardry
MPRegen 0.58/turn                Q - +5 ring of evasion

@: slowed, studying Dodging, very slow
A: sickness immunity, AC +8, negative energy resistance 1, electricity
resistance, torment resistance 1, petrification resistance
a: Renounce Religion


You were on level 1 of the Lair of Beasts.
You worshipped Vehumet.
Vehumet was most pleased with you.
You visited 3 branches of the dungeon, and saw 12 of its levels.
You also visited: Ossuary.

You collected 720 gold pieces.
You spent 576 gold pieces at shops.

Inventory:

Missiles
 e - a throwing net
 t - 27 poisoned darts
 u - 7 boomerangs
 M - a curare-tipped dart
Armour
 f - a +2 helmet (worn)
 A - a +3 buckler of fire resistance (worn)
 E - a scarf of resistance (worn)
 U - a +1 pair of boots (worn)
 W - the +3 ring mail of the Harp (worn) {Int+5}
   (You found it on level 1 of the Lair of Beasts)

   Int:       It affects your intelligence (+5).
Magical Staves
 a - a staff of earth (weapon)
Jewellery
 d - a ring of wizardry (left hand)
 l - an amulet of magic regeneration (around neck)
 F - a ring of protection from fire
 H - a ring of positive energy
 J - a ring of positive energy
 K - a ring of flight
 Q - a +5 ring of evasion (right hand)
 R - the amulet "Sataq" {Spirit +Blink Int+2}
   (You found it on level 10 of the Dungeon)

   [amulet of guardian spirit]

   It causes incoming damage to be divided between your reserves of health and
   magic.
   Int:       It affects your intelligence (+2).
   +Blink:    It lets you blink.
Wands
 i - a wand of quicksilver (14)
 o - a wand of polymorph (17)
 r - a wand of flame (45)
 y - a wand of iceblast (13)
Scrolls
 p - 4 scrolls of fear
 s - 2 scrolls of brand weapon {unknown}
 v - a scroll of amnesia {unknown}
 w - a scroll of poison {unknown}
 x - a scroll of vulnerability {unknown}
 C - 4 scrolls of enchant weapon
 D - 6 scrolls of teleportation
 G - a scroll of blinking {unknown}
 L - 2 scrolls of torment {unknown}
 P - a scroll of silence {unknown}
 S - a scroll of summoning {unknown}
 T - a scroll of fog {unknown}
Potions
 b - 3 potions of magic
 c - a potion of attraction {unknown}
 g - 2 potions of might
 h - 10 potions of curing
 j - a potion of cancellation {unknown}
 k - 2 potions of ambrosia
 m - 4 potions of flight
 n - 5 potions of heal wounds
 q - a potion of lignification
 z - 4 potions of brilliance
 B - a potion of berserk rage {unknown}
 I - 3 potions of invisibility
 V - a potion of haste {unknown}
Miscellaneous
 O - a box of beasts


   Skills:
 - Level 5.0 Fighting
 - Level 3.7 Staves
 + Level 7.8 Armour
 - Level 8.0 Dodging
 - Level 2.1 Stealth
 - Level 7.0 Shields
 - Level 7.0 Spellcasting
 - Level 5.0 Conjurations
 - Level 5.0 Transmutations
 - Level 0.9 Fire Magic
 - Level 2.0 Air Magic
 - Level 7.0 Earth Magic
 - Level 7.0 Evocations


You had 13 spell levels left.
You knew the following spells:

 Your Spells              Type           Power      Damage    Failure   Level
a - Sandblast             Erth           100%       2d20      1%          1
b - Passwall              Tmut/Erth      45%        N/A       1%          2
c - Stone Arrow           Conj/Erth      100%       3d13      1%          3
d - Petrify               Tmut/Erth      55%        N/A       6%          4
e - Shock                 Conj/Air       100%       1d9       1%          1
f - Foxfire               Conj/Fire      92%        2x1d8     1%          1

Your spell library contained the following spells:

 Spells                   Type           Power      Damage    Failure   Level
 Static Discharge         Conj/Air       52%        2-5/arc   1%          2
 Ignite Poison            Fire/Tmut/Pois 18%        N/A       2%          3
 Inner Flame              Hex/Fire       11%        N/A       4%          3
 Flame Wave               Conj/Fire      23%        2d8       5%          4
 Sticky Flame             Conj/Fire      23%        2d4       5%          4
 Ignition                 Fire           6%         3d4       100%        8


Dungeon Overview and Level Annotations

Branches:
Dungeon (10/15)            Temple (1/1) D:7            Lair (1/5) D:9
    Orc (0/2) D:10        Ossuary (visited)

Altars:
Ashenzari
Cheibriados
Dithmenos
Elyvilon
Fedhas
Gozag
Hepliaklqana
Kikubaaqudgha
Makhleb
Nemelex Xobeh
Okawaru
Qazlal
Ru
Sif Muna
Trog
Uskayaw
Vehumet
Wu Jian
Xom
Yredelemnul
Zin
The Shining One

Shops:
D:2 !(*[*   D:5 [   D:9 [


Innate Abilities, Weirdness & Mutations

You are immune to sickness and miasma.
Your stone body is resilient. (AC +8)
You are immune to poison.
You resist negative energy. (rN+)
You are resistant to electric shocks. (rElec)
You are resistant to unholy torment.
You are immune to petrification.


Message History

The torpor snail bites you but does no damage.
The torpor snail barely misses you. The torpor snail misses you.
The torpor snail barely misses you. You block the torpor snail's attack.
The torpor snail bites you but does no damage.
The torpor snail bites you but does no damage.
The torpor snail barely misses you. The torpor snail barely misses you.
The torpor snail bites you! The torpor snail misses you.
The torpor snail bites you!
The torpor snail briefly extends its eye-stalks.
The torpor snail bites you!
* * * LOW HITPOINT WARNING * * *
The torpor snail bites you but does no damage.
The torpor snail closely misses you. The torpor snail closely misses you.
The torpor snail bites you!
* * * LOW HITPOINT WARNING * * *
The torpor snail briefly extends its eye-stalks.
The torpor snail bites you.
* * * LOW HITPOINT WARNING * * *
The torpor snail bites you!
* * * LOW HITPOINT WARNING * * *
The torpor snail closely misses you.
The torpor snail bites you but does no damage.
You hit the torpor snail.
The torpor snail is lightly wounded.
You block the torpor snail's attack.
The torpor snail bites you but does no damage.
Casting: Stone Arrow (safe; 1% risk of failure)
Confirm with . or Enter, or press ? or * to list all spells.
Aiming: Stone Arrow (safe; 1% risk of failure)
Press: ? - help, Shift-Dir - straight line, f - torpor snail
Aim: a torpor snail (lightly wounded, 100% to hit)
You feel a surge of power!
The stone arrow hits the torpor snail!
The torpor snail is moderately wounded.
The torpor snail bites you!
You die...

#.................##
#........♣.........#
.......♣....†......###
.....................#
......PP.....P......##
.....♣..P..........♣♣
#.......P.P.PP......♣
#......P......P..P..♣..#
#.......P.#####.@....♣
..........# #wP.P.P..#
.......P..# #........#
....P..^..# #...P....#
......P...# #........#
....♣..P.... ...."....#
.....P..P... .....P....
.................P..♣#.#
...P..........


You could see a torpor snail.

Vanquished Creatures
  Erica (D:8)
  4 death yaks (Lair:1)
  A two-headed ogre (D:8)
  Pikel (D:7)
  2 cane toads (Lair:1)
  2 komodo dragons (Lair:1)
  A polar bear (Lair:1)
  Sigmund (D:4)
  A spriggan (Lair:1)
  2 wyverns
  A shadow (D:9)
  2 wraiths (D:9)
  2 steam dragons (D:9)
  4 yaks
  Edmund (D:6)
  A warg (D:10)
  3 acid dragons
  4 water moccasins
  Duvessa (D:5)
  8 orc warriors
  4 ice beasts
  3 sky beasts
  4 black bears
  A centaur (D:5)
  2 ogres (D:5)
  A lemure (D:7)
  2 phantoms
  3 elf zombies (Ossuary)
  4 kobold brigands
  11 bullfrogs
  A necrophage (D:8)
  A gnoll sergeant (D:9)
  8 scorpions
  16 wights
  Dowan (D:5)
  5 killer bees
  3 howler monkeys
  A centaur zombie (Ossuary)
  5 hounds
  13 orc priests
  2 gnoll boudas (D:8)
  3 human zombies (Ossuary)
  Terence (D:2)
  An iguana (D:6)
  13 orc wizards
  2 mummies (Ossuary)
  18 gnolls
  9 adders
  4 shadow imps
  A white imp (D:6)
  2 ufetubi (D:6)
  An adder zombie (Ossuary)
  3 worms
  3 dart slugs
  59 orcs
  4 ball pythons
  7 endoplasms
  2 giant cockroaches
  5 goblins
  9 hobgoblins
  3 jackals (D:4)
  19 kobolds
  A quokka (D:4)
  2 training dummies (D:5)
  4 bats
  6 frilled lizards
  10 hobgoblin zombies (Ossuary)
  A jackal zombie (Ossuary)
  10 kobold zombies (Ossuary)
  7 orc zombies (Ossuary)
  6 rats
  A rat zombie (Ossuary)
351 creatures vanquished.

Vanquished Creatures (collateral kills)
  A foxfire (D:9)
1 creature vanquished.

Vanquished Creatures (others)
  A gnoll bouda (D:8)
  109 foxfires
  31 fungi
  39 plants
180 creatures vanquished.

Grand Total: 532 creatures vanquished

Notes
Turn   | Place    | Note
-------+----------+-------------------------------------------
     0 | D:1      | NinjaNoafa the Gargoyle Earth Elementalist began the quest
                  | for the Orb.
     0 | D:1      | Reached XP level 1. HP: 10/10 MP: 3/3
   171 | D:1      | Reached XP level 2. HP: 15/15 MP: 3/5
   316 | D:1      | Found a faded altar of an unknown god.
   610 | D:1      | Reached XP level 3. HP: 19/19 MP: 4/7
   613 | D:1      | Learned a level 2 spell: Passwall
  1240 | D:2      | Found Pakhuim's Antique Armour Emporium.
  1241 | D:2      | Found Bausepui's Assorted Antiques.
  1296 | D:2      | Reached skill level 1 in Transmutations
  1296 | D:2      | Found Geafrey's Weapon Boutique.
  1360 | D:2      | Noticed Terence
  1371 | D:2      | Killed Terence
  1372 | D:2      | Reached XP level 4. HP: 9/24 MP: 0/8
  1542 | D:2      | Found Noli Wusm's Distillery.
  1545 | D:2      | Bought a potion of heal wounds for 50 gold pieces
  1602 | D:2      | Bought a scroll labelled ZAUDOTICISS for 28 gold pieces
  1700 | D:2      | Found Waar's General Store.
  1984 | D:2      | Reached XP level 5. HP: 25/28 MP: 1/10
  2128 | D:3      | Reached skill level 5 in Earth Magic
  2281 | D:3      | Learned a level 3 spell: Stone Arrow
  2646 | D:3      | Reached XP level 6. HP: 32/32 MP: 7/11
  2693 | D:3      | Reached skill level 1 in Conjurations
  3030 | D:4      | Noticed Sigmund
  3035 | D:4      | Killed Sigmund
  3161 | D:4      | Reached XP level 7. HP: 25/36 MP: 7/14
  3659 | D:4      | Reached skill level 5 in Spellcasting
  3659 | D:4      | Reached skill level 1 in Armour
  3788 | D:4      | Reached skill level 1 in Evocations
  3987 | D:5      | Entered Level 5 of the Dungeon
  3992 | D:5      | Reached skill level 1 in Fighting
  4380 | D:5      | Reached XP level 8. HP: 44/44 MP: 9/15
  4464 | D:5      | Found Kutis's Armour Emporium.
  4466 | D:5      | Found a sand-covered staircase.
  4472 | Ossuary  | Entered an ossuary
  4631 | Ossuary  | Reached skill level 1 in Staves
  4889 | D:2      | Bought a +2 buckler of fire resistance for 215 gold pieces
  5181 | D:5      | Noticed Duvessa
  5181 | D:5      | Noticed Dowan
  5187 | D:5      | Killed Duvessa
  5191 | D:5      | Killed Dowan
  5192 | D:5      | Reached skill level 1 in Shields
  5266 | D:5      | Reached skill level 2 in Dodging
  5650 | D:5      | Reached XP level 9. HP: 50/50 MP: 14/16
  5686 | D:5      | Reached skill level 3 in Dodging
  5905 | D:6      | Found a sacrificial altar of Ru.
  6148 | D:6      | Reached skill level 5 in Shields
  6603 | D:6      | Noticed Edmund
  6608 | D:6      | Killed Edmund
  7024 | D:2      | Bought a scroll labelled GAETWE GYPAFRU for 28 gold pieces
  7024 | D:2      | Bought a scroll labelled YCRENA AHUOSE for 28 gold pieces
  7060 | D:2      | Bought a potion of brilliance for 40 gold pieces
  7234 | D:7      | Learned a level 4 spell: Petrify
  7273 | D:7      | Reached skill level 4 in Dodging
  7275 | D:7      | Reached XP level 10. HP: 44/56 MP: 15/19
  7545 | D:7      | Found a staircase to the Ecumenical Temple.
  7577 | Temple   | Entered the Ecumenical Temple
  7905 | Temple   | Became a worshipper of Vehumet
  8124 | D:7      | Noticed Pikel
  8132 | D:7      | Killed Pikel
  8133 | D:7      | Reached skill level 5 in Evocations
  8496 | D:7      | Reached skill level 5 in Dodging
  8952 | D:8      | Reached skill level 5 in Conjurations
  9101 | D:8      | Reached skill level 5 in Transmutations
  9154 | D:8      | Noticed Erica
  9165 | D:8      | Killed Erica
  9268 | D:8      | Found a shimmering altar of Xom.
  9268 | D:8      | Noticed a two-headed ogre
  9689 | D:9      | Reached skill level 6 in Dodging
  9690 | D:9      | Reached * piety under Vehumet
  9690 | D:9      | Offered knowledge of Shock by Vehumet.
  9896 | D:8      | Reached XP level 11. HP: 51/60 MP: 18/20
  9946 | D:8      | Learned a level 1 spell: Shock
  9956 | D:8      | Killed a two-headed ogre
  9957 | D:8      | Reached skill level 7 in Dodging
 10437 | D:8      | Reached skill level 1 in Air Magic
 10715 | D:9      | Reached skill level 5 in Armour
 10746 | D:9      | Found a staircase to the Lair.
 10787 | D:9      | Found Cary's Superior Scales.
 10802 | D:9      | Reached ** piety under Vehumet
 10802 | D:9      | Offered knowledge of Foxfire by Vehumet.
 10807 | D:9      | Learned a level 1 spell: Foxfire
 11651 | D:10     | Entered Level 10 of the Dungeon
 11685 | D:9      | Upgraded the game from 0.30-a0-715-gdb4ae3ece1 to
                  | 0.30-a0-718-geaa24f58ff
 11703 | D:9      | Offered knowledge of Static Discharge by Vehumet.
 11872 | D:10     | Found a staircase to the Orcish Mines.
 11953 | D:10     | Reached *** piety under Vehumet
 12474 | D:10     | Identified the amulet "Sataq" {Spirit +Blink Int+2}
 12845 | D:2      | Bought a pair of runed boots for 187 gold pieces
 13066 | Lair:1   | Entered Level 1 of the Lair of Beasts
 13373 | Lair:1   | Reached skill level 5 in Fighting
 13451 | Lair:1   | Noticed a death yak
 13452 | Lair:1   | Noticed a death yak
 13453 | Lair:1   | Noticed a death yak
 13492 | Lair:1   | Killed a death yak
 13500 | Lair:1   | Killed a death yak
 13501 | Lair:1   | Reached XP level 12. HP: 24/68 MP: 6/22
 13505 | Lair:1   | Killed a death yak
 13506 | Lair:1   | Reached skill level 8 in Dodging
 13778 | Lair:1   | Identified the +3 ring mail of the Harp {Int+5}
 14012 | Lair:1   | Noticed a death yak
 14025 | Lair:1   | Killed a death yak
 14079 | Lair:1   | Slain by a torpor snail

Illustrated notes

Levels and vault maps discovered:
D:1:      dpeg_arrival_arbitrary_a, layout_basic, serial_rivers,
          chequers_serial_rivers_micro_d, chequers_serial_rivers_large_a,
          chequers_serial_rivers_micro_e, chequers_serial_rivers_small_3,
          chequers_serial_rivers_large_b, dreamdust_ecumenical_altar_statues
D:2:      layout_rooms, serial_shops, nicolae_shop_advertising_works
          [nicolae_subvault_shop_adworks], nicolae_shop_bloodbath_and_beyond,
          shop, nicolae_shop_behind_doors, shop, uniq_terence
D:3:      layout_loops_ring
D:4:      layout_rooms, grunt_ministairs_15, minmay_misc_feat_cross,
          nrook_mini_vaults, lexackson_kobold_supper, uniq_sigmund
D:5:      dreamdust_elfheim, layout_gridville, nicolae_ossuary_entry_ruins,
          serial_shops, nicolae_shop_waterfront, lemuel_flame_loot_1
D:6:      layout_loops_ring, nicolae_ru_path_of_blood, minmay_manual_mess,
          uniq_edmund
D:7:      layout_loops_corners, minmay_temple_entry_statues_fountains,
          uniq_pikel
D:8:      minmay_octagon_keep, layout_basic, xom_confusion_cloud, serial_curves,
          eino_curves_03, eino_curves_01, palyth_stone_intersect,
          minmay_misc_feat_square, uniq_erica
D:9:      layout_irregular_city, due_lair_maze_entry_diamond,
          minmay_misc_feat_more_columns, kennysheep_pointless_box,
          corexii_checkpoint_a, hellmonk_scale_shop
D:10:     layout_grid_maze, erik_orc_4
Temple:   mainiacjoe_temple_cubbyholes
Lair:1:   layout_gridlike, grunt_forest_large_clearing_hut

Skill      XL: |  1  2  3  4  5  6  7  8  9 10 11 12 |
---------------+-------------------------------------+-----
Earth Magic    | 4 5 6 7 |  7.0
Spellcasting   | 3 4 5 6 7 |  7.0
Transmutations | 1 2 3 5 |  5.0
Conjurations   | 3 4 5 |  5.0
Armour         | 2 3 6 7 |  7.8
Evocations     | 2 4 6 7 |  7.0
Fighting       | 2 3 5 |  5.0
Staves         | 3 |  3.7
Shields        | 2 5 7 |  7.0
Dodging        | 2 4 6 7 8 |  8.0
Air Magic      | 2 |  2.0
Stealth        | |  2.1
Fire Magic     | |  0.9

Action                     |  1- 3 |  4- 6 |  7- 9 | 10-12 || total
---------------------------+-------+-------+-------+-------++-------
  Melee: Spear             |     9 |     7 |       |       ||    16
         Staff             |       |       |   112 |   107 ||   219
   Cast: Sandblast         |    44 |    75 |   173 |   122 ||   414
         Passwall          |     3 |       |     2 |    23 ||    28
         Stone Arrow       |       |     3 |    48 |   149 ||   200
         Petrify           |       |       |       |    16 ||    16
         Foxfire           |       |       |       |    68 ||    68
         Shock             |       |       |       |    43 ||    43
  Evoke: Wand              |       |       |     1 |     2 ||     3
    Use: Scroll            |       |     5 |     5 |     7 ||    17
         Potion            |       |       |     2 |     2 ||     4
   Stab: Sleeping          |     1 |       |     1 |       ||     2
         Petrified         |       |       |       |    19 ||    19
 Armour: Robe              |    11 |    16 |   125 |   131 ||   283
         Ring mail         |       |       |       |     9 ||     9
  Dodge: Dodged            |    13 |    33 |   127 |   217 ||   390
  Block: Buckler           |       |       |    47 |   114 ||   161

Table legend: (Time is in decaauts)
 A = Elapsed time spent in this place.
 B = Non-inter-level travel time spent in this place.
 C = Inter-level travel time spent in this place.
 D = Time resting spent in this place.
 E = Time spent auto-exploring this place.
 F = Levels seen in this place.
 G = Mean time per level.
                   A        B        C        D        E       F      G
               +--------+--------+--------+--------+--------+-----+--------+
         Total |  14383 |  12819 |   1564 |     66 |   9886 |  13 | 1106.4 |
       Dungeon |  12744 |  11301 |   1443 |     66 |   8800 |  10 | 1274.4 |
        Temple |    370 |    304 |     66 |      0 |    302 |   1 |  370.0 |
          Lair |    923 |    869 |     54 |      0 |    652 |   1 |  923.0 |
       Ossuary |    344 |    344 |      0 |      0 |    132 |   1 |  344.0 |
               +--------+--------+--------+--------+--------+-----+--------+

Top non-repeatable levels by time:
     D:9: 1602 daAuts
     D:5: 1513 daAuts
     D:8: 1477 daAuts
     D:7: 1465 daAuts
     D:1: 1280 daAuts
     D:6: 1227 daAuts
     D:3: 1223 daAuts
     D:2: 1086 daAuts
     D:4: 1082 daAuts
  Lair:1: 923 daAuts
    D:10: 786 daAuts
  Temple: 370 daAuts
 Ossuary: 344 daAuts
